Unix NetHack Version 5.0.0-0 post-release - last build May 10 2026 23:12:36 (d1fa5d53e341ca933230fdaa984d921c805b60aa,branch:main).

Game began 2026-05-14 00:45:21, ended 2026-05-14 18:32:36.

Hareimo, chaotic male human Wizard

                        --------------------------------
                        |..............................|
      --------          |.--|-----..{.---------..-----.|           -------
      |......|          |.|..|(((|....|**|....|..|...-.|           |.....|
      |......|          |.|((|(((|....|[!| ...|..|...|.|           |.[...|
      |......|       ###-.|((|...|....|.)|--|--.-----|.|           |.....|
      |....`.|     ###  |.----|---....-|--......-....|.|           -..----
      |.......######    |..................--|-.|....|.|             [
      |......|          |......-|--..{..-|--..|.|.._.|.|             #
      -.--+---          |......|..---|-.|..|..|.|....|.|        ######
       #                |......|..| ..|.|..|..|.-----|.|      --.------
       # #              |.--|-----|...|.------|..|.((|.-      |..<....|
      ####              |.|....|..|...|....|  +a.-@.(|.|   # #-.......|
 -+-----.----           |.|....|..|...|....|  |..|.((|.|######|.......|
 |..........|           |.-------|-----....----..-----.|######........|
 |.......>..|           |...............................#     |.......|
 |...........######     --------------------------------#     ---------
 |..........|     #######################################
 ------------

Hareimo the Thaumaturge   St:13 Dx:14 Co:16 In:17 Wi:11 Ch:11  Chaotic
Dlvl:6  $:0  HP:0(49) Pw:52(52) AC:6  Xp:6 T:4572 

Latest messages:
 Call a gray stone: flintstone
 What do you want to drop? [a-ehiklo-qtv-zA-JNPWZ or ?*] ?
 You drop an uncursed silver saber.
 Inuvik offers 38 gold pieces for your silver saber.  Sell it? [ynaq] (n) y
 You sold an uncursed silver saber for 38 gold pieces.
 What do you want to drop? [$a-ehiklo-qtv-zA-JNPW or ?*] D
 You drop an uncursed stone called flintstone.
 Inuvik offers 1 gold piece for your stone called flintstone.  Sell it? [ynaq] (n) y
 You sold an uncursed stone called flintstone for 1 gold piece.
 What do you want to use or apply? [cehkoxAINP or ?*] N
 You put 39 gold pieces into the bag.
 You put 2 uncursed food rations into the bag.
 You put 4 uncursed tripe rations into the bag.
 You put an uncursed cyan potion named 50 into the bag.
 You put 2 uncursed candles into the bag.
 You put an uncursed candle into the bag.
 You put an uncursed magic marker into the bag.
 You put an uncursed blue gem into the bag.
 You put 2 uncursed blue gems into the bag.
 You put an uncursed red gem into the bag.
 You see here a brilliant blue potion (for sale, 200 zorkmids).
 Pick a monster, object or location.
 The white unicorn butts!
 The white unicorn kicks!
 The white unicorn butts!
 The white unicorn kicks!
 You hear someone cursing shoplifters.
 What do you want to put on? [dpEW or ?*] ?
 Which ring-finger, Right or Left? [rl] l
 Gee!  All of a sudden, you can't see yourself.
 p - an uncursed ring of invisibility (on left hand).
 You hit the white unicorn!
 The white unicorn strikes at thin air!
 You hit the fire ant!
 The fire ant bites!
 The fire ant bites again!
 You're on fire!
 The fire ant snaps wildly and misses!
 The fire ant attacks a spot beside you.
 The fire ant bites!
 The fire ant bites again!
 You're on fire!
 The fire ant bites!
 The fire ant bites again!
 You're on fire!
 The fire ant bites!
 The fire ant bites again!
 You're on fire!
 You die...
 Do you want your possessions identified? [ynq] (y) q

Inventory:
 Amulets  ('"')
  W - an uncursed amulet of flying
 Weapons  (')')
  C - a +0 dart
  w - a poisoned +0 dart
  z - 3 +0 daggers
  a - a blessed +1 quarterstaff (weapon in hands)
 Armor    ('[')
  J - a blessed +2 orcish helm (being worn)
  b - a blessed +0 cloak of magic resistance (being worn)
  i - an uncursed +0 mummy wrapping
 Comestibles  ('%')
  v - 2 uncursed slime molds
  t - a cursed tripe ration
  y - an uncursed lizard corpse
 Rings    ('=')
  d - an uncursed +1 ring of increase damage
  p - an uncursed ring of invisibility (on left hand)
  E - an uncursed ring of teleportation
 Wands    ('/')
  k - a wand of cancellation (0:5)
  P - a blessed wand of digging (0:6)
  h - a wand of digging (0:8)
  c - a wand of secret door detection (0:11)
 Tools    ('(')
  N - an uncursed sack containing 37 items
  o - a bag of tricks (0:20)
  e - an uncursed skeleton key

Contents of the sack:
  326 gold pieces
  2 uncursed food rations
  4 uncursed tripe rations
  a cursed tin of iguana meat
  an uncursed scroll of identify
  a cursed scroll of identify named 10
  a cursed scroll of confuse monster
  a blessed scroll of blank paper
  an uncursed scroll of blank paper
  an uncursed scroll of scare monster
  3 uncursed scrolls of enchant armor
  2 uncursed scrolls of enchant weapon
  a blessed scroll of light
  an uncursed scroll of light
  a blessed spellbook of force bolt
  a blessed spellbook of healing
  an uncursed potion of restore ability named 50
  a blessed potion of healing named 10
  an uncursed potion of healing
  a blessed potion of levitation named 100
  a potion of holy water
  an uncursed potion of water
  an uncursed potion of booze
  an uncursed potion of extra healing
  an uncursed potion of fruit juice
  a cursed potion of fruit juice
  a cursed -2 ring of protection named 50
  an uncursed tallow candle
  2 uncursed wax candles
  a magic marker (0:20)
  a magic marker (0:89)
  2 uncursed worthless pieces of blue glass
  an uncursed aquamarine stone
  an uncursed ruby
  an uncursed worthless piece of red glass
  an uncursed worthless piece of white glass
  an uncursed worthless piece of yellow glass

Hareimo the Wizard's attributes:

Background:
 You were a Thaumaturge, a level 6 male human Wizard.
 You were chaotic, on a mission for Anhur
 who was opposed by Ptah (lawful) and Thoth (neutral).
 You were left-handed.
 You were in the Gnomish Mines, on level 6.
 You entered the dungeon 4572 turns ago.
 You had 624 experience points, 16 more were needed to attain level 7.

Basics:
 You had 0 out of 49 hit points.
 You had all 52 energy points (spell power).
 Your armor class was 6.
 Your wallet was empty, but
 you had 326 zorkmids stashed away in your pack.
 Autopickup was off.

Final Characteristics:
 Your strength was 13 (limit:18/100).
 Your dexterity was 14 (limit:18).
 Your constitution was 16 (limit:18).
 Your intelligence was 17 (limit:18).
 Your wisdom was 11 (limit:18).
 Your charisma was 11 (limit:18).

Final Status:
 You weren't hungry.
 You were unencumbered.
 You were wielding a quarterstaff.
 You were skilled in quarterstaff.

Final Attributes:
 You were piously aligned.
 You were magic-protected.
 You were telepathic.
 You were invisible.
 You were warded.
 You are dead.

Miscellaneous:
 You didn't encounter any bones levels.
 Total elapsed playing time was 1 hour, 9 minutes and 28 seconds.

Major events:
 Turn
    1: Hareimo the chaotic male human Wizard entered the dungeon
 1187: entered the Gnomish Mines
 1237: attained the rank of Conjurer (level 3)
 3401: attained the rank of Thaumaturge (level 6)
 3419: reached Mine Town
 4572: killed by a fire ant

Spells:
 Name                 Level Category     Fail Retention
 force bolt             1   attack         0%   71%-80%
 healing                1   healing        0%  76%-100%

Skills:
 Fighting Skills
   bare handed combat [Unskilled]
   riding             [Unskilled]
 Weapon Skills
   dagger             [Unskilled]
   knife              [Unskilled]
   axe                [Unskilled]
   short sword        [Unskilled]
   club               [Unskilled]
   mace               [Unskilled]
   quarterstaff       [Skilled]
   polearms           [Unskilled]
   spear              [Unskilled]
   trident            [Unskilled]
   sling              [Unskilled]
   dart               [Unskilled]
   shuriken           [Unskilled]
 Spellcasting Skills
   attack spells      [Basic]
   healing spells     [Unskilled]
   divination spells  [Unskilled]
   enchantment spells [Basic]
   clerical spells    [Unskilled]
   escape spells      [Unskilled]
   matter spells      [Unskilled]

Voluntary challenges:
 Character rerolling was not enabled.
 You never genocided any monsters.
 You never polymorphed an object.
 You never changed form.
 You used no wishes.
Achievements:
 You entered a shop.
 You entered the Gnomish Mines.
 You attained the rank of Conjurer.
 You attained the rank of Thaumaturge.
 You entered Minetown.
 You entered a temple.

 The Dungeons of Doom: levels 1 to 7
    Level 1: "chest"
    Level 2:
       A food shop, a fountain.
    Level 3:
       A fountain, a grave.
       Stairs down to The Gnomish Mines.
    Level 4:
       A fountain.
    Level 5: "vault"
       A fountain.
    Level 6:
    Level 7:
 The Gnomish Mines: levels 4 to 8
    Level 4:
    Level 5:
    Level 6: <- You were here.
       Many shops, a temple and an altar, some fountains.
       Final resting place for
          you, killed by a fire ant.
    Level 7: "Silver dragon below"
    Level 8:


Vanquished creatures:
  a leprechaun
  a lizard
  a rock piercer
  a yellow light
  4 gnome leaders
  2 gnomish wizards
  a kobold mummy
  a paper golem
  4 giant ants
  3 floating eyes
  a kitten
  5 dwarves
  a homunculus
  a kobold shaman
  a giant bat
  5 monkeys
  a hobbit
  a large kobold
  3 hobgoblins
  5 giant rats
  4 cave spiders
  a yellow mold
 21 gnomes
  3 geckos
  6 jackals
  a fox
  2 kobolds
  2 sewer rats
  2 grid bugs
  4 bats
  a lichen
 10 newts
100 creatures vanquished.

No species were genocided or became extinct.

Game over:
                       ----------
                      /          \
                     /    REST    \
                    /      IN      \
                   /     PEACE      \
                  /                  \
                  |     Hareimo      |
                  |      326 Au      |
                  | killed by a fire |
                  |       ant        |
                  |                  |
                  |                  |
                  |       2026       |
                 *|     *  *  *      | *
        _________)/\\_//(\/(/\)/\//\/|_)_______

Goodbye Hareimo the Wizard...

You died in The Gnomish Mines on dungeon level 6 with 3150 points,
and 326 pieces of gold, after 4572 moves.
You were level 6 with a maximum of 49 hit points when you died.

